 Dungeon Crawl Stone Soup version 0.18.1-50-g88ac8fd (webtiles) character file.

49 StormFighter the Chopper (level 3, 0/23 HPs)
             Began as a Gargoyle Berserker on Sept 7, 2017.
             Was a Believer of Trog.
             Slain by a giant frog (5 damage)
             ... on level 3 of the Dungeon.
             The game lasted 00:01:48 (1759 turns).

StormFighter the Chopper (Gargoyle Berserker)       Turns: 1759, Time: 00:01:49

Health: 0/23       AC:  5    Str: 21    XL:     3   Next: 75%
Magic:  3/3        EV: 12    Int:  7    God:    Trog [**....]
Gold:   134        SH:  0    Dex:  9    Spells: 0 memorised, 2 levels left

rFire  . . .     SeeInvis .     a - +0 hand axe
rCold  . . .     Gourm    .     b - +0 animal skin
rNeg   + . .     Faith    .     (no shield)
rPois  ∞         Spirit   .     (no helmet)
rElec  +         Dismiss  .     (no cloak)
rCorr  .         Reflect  .     (no gloves)
SustAt .         Harm     .     (no boots)
MR     .....                    (no amulet)
Stlth  +.........               (no ring)
                                (no ring)

@: not resistant to hostile enchantments, very unstealthy
A: negative energy resistance 1, electricity resistance, unbreathing,
petrification resistance, rot immunity, AC +3
a: Berserk, Trog's Hand, Burn Spellbooks, Renounce Religion


You were on level 3 of the Dungeon.
You worshipped Trog.
Trog was pleased with you.
You were hungry.

You visited 1 branch of the dungeon, and saw 3 of its levels.

You collected 134 gold pieces.

Inventory:

Hand Weapons
 a - a +0 hand axe (weapon)
Missiles
 e - 2 poisoned needles
Armour
 b - a +0 animal skin (worn)
Scrolls
 f - a scroll of identify {unknown}
 j - a scroll of noise {unknown}
 m - a scroll of blinking {unknown}
Potions
 d - 2 potions of flight {unknown}
 g - 2 potions of lignification {unknown}
 h - 2 potions of curing {unknown}
 i - a potion of brilliance {unknown}
 l - a potion of might {unknown}
Comestibles
 c - a bread ration
 k - a meat ration


   Skills:
 - Level 3.2 Fighting
 + Level 4.1 Axes
 - Level 2.1 Armour
 - Level 1.5 Dodging


You had 2 spell levels left.
You didn't know any spells.

Dungeon Overview and Level Annotations

Branches:
Dungeon (3/15)

Altars:


Innate Abilities, Weirdness & Mutations

You are resistant to torment.
Your stone body is resilient (AC +3).
You are immune to poison.
You resist negative energy.
You are resistant to electric shocks.
You can survive without breathing.
You are immune to petrification.
You are immune to rotting.


Message History

You are too injured to fight recklessly!
You are too injured to fight recklessly!
You are too injured to fight recklessly!
You are too injured to fight recklessly!
You are too injured to fight recklessly!
You are too injured to fight recklessly!
You are too injured to fight recklessly!
You are too injured to fight recklessly!
You are too injured to fight recklessly!
You are too injured to fight recklessly!
You are too injured to fight recklessly!
You miss the giant frog.
The giant frog is moderately wounded.
The giant frog hits you.
* * * LOW HITPOINT WARNING * * *
The giant frog barely misses you.
You closely miss the giant frog.
The giant frog is moderately wounded.
The giant frog hits you.
You die...

.. #...# #.##...# #.
..#...# #.# #.#...#
#.# .....# # #.#
##g...##.#. . #.#
#..F....... ♣.# #.#
#.@..#
♣...###.######...##
..............$...#
..##.###.######...##
♣.....................
♣##.##.#######...##...
♣.##.##.#####.......
..
.....................
.
......................


You could see a giant frog and a hobgoblin.

Vanquished Creatures
  An adder (D:1)
  2 dart slugs
  A ball python (D:1)
  A giant cockroach (D:1)
  4 hobgoblins
  3 quokkas (D:2)
  9 bats
  A giant newt (D:2)
  7 goblins
  2 kobolds (D:2)
  4 rats
35 creatures vanquished.

Notes
Turn   | Place    | Note
--------------------------------------------------------------
     0 | D:1      | StormFighter the Gargoyle Berserker began the quest for the Orb.
     0 | D:1      | Reached XP level 1. HP: 14/14 MP: 1/1
   108 | D:1      | Reached skill level 3 in Axes
   222 | D:1      | Reached XP level 2. HP: 19/19 MP: 2/2
   606 | D:1      | Reached XP level 3. HP: 23/23 MP: 3/3
  1133 | D:2      | Reached skill level 4 in Axes
  1159 | D:2      | Reached ** piety under Trog
  1753 | D:3      | Noticed a giant frog
  1759 | D:3      | Slain by a giant frog

Skill      XL: |  1  2  3 |
---------------+----------+-----
Axes           | 3 4 |  4.1
Fighting       | |  3.2
Armour         | |  2.1
Dodging        | |  1.5

Action                   || total
-------------------------++-------
Melee: Hand axe          ||   121
  Eat: Chunk             ||     2
Armor: Animal skin       ||    56
Dodge: Dodged            ||    76
